 Dungeon Crawl Stone Soup version 0.30-a0-867-g305f33218d (webtiles) character file.

Game seed: 16608926806890869550

1546158 jasper the Wrestler (level 25, 214/214 HPs)
             Began as a Demonspawn Fighter on Mar 9, 2023.
             Was a High Priest of Cheibriados.
             Escaped with the Orb
             ... and 3 runes on Mar 10, 2023!
             The game lasted 04:37:18 (79520 turns).

jasper the Wrestler (Demonspawn Fighter)           Turns: 79520, Time: 04:37:19

Health: 214/214    AC: 46    Str: 29    XL:     25   Next: 87%
Magic:  32/32      EV: 11    Int: 27    God:    Cheibriados [*****.]
Gold:   1284       SH: 35    Dex: 22    Spells: 8/24 levels left

rFire   + . .      SeeInvis +      - Unarmed
rCold   + + .      Faith    .    u - +8 tower shield {AC+3}
rNeg    + + +      Spirit   .    k - +9 scales of the Dragon King {rPois rF+ rC+ Will+}
rPois   +          Reflect  .    (helmet restricted)
rElec   +          Rampage  .    (cloak unavailable)
rCorr   +                        (gloves unavailable)
Will    ++++.                    (boots unavailable) Stlth
                                 L - amulet of the Pharaoh's Fist {rC++ Regen+}
HPRegen 1.35/turn                q - ring of Pantheism {rElec Str+3 SInv}
MPRegen 0.23/turn                r - ring of Atouvid {rF- rN+++ rCorr AC+4 Dex-3}

@: studying 3 skills, very slow
A: claws 3, hooves 3, demonic guardian 3, hurl damnation, icemail 2, torment
resistance 1, condensation shield, demonic willpower, weakness stinger 3, horns
1, dopey 1, fire resistance 1, strong-willed 1, weak 2, no potion heal 2, cold
vulnerability 1, inability to drink after injury 1
0: Orb of Zot
}: 3/15 runes: decaying, serpentine, silver
a: Hurl Damnation, Renounce Religion, Bend Time, Temporal Distortion, Slouch,
Step From Time


You escaped.
You worshipped Cheibriados.
Cheibriados was extremely pleased with you.
You visited 9 branches of the dungeon, and saw 47 of its levels.
You also visited: Volcano and Wizlab.

You collected 9153 gold pieces.
You spent 7869 gold pieces at shops.

Inventory:

Hand Weapons
 h - the +27 heavy crossbow "Sniper" {heavy, Acc+∞ SInv}
   (You found it on level 4 of the Depths)

   Acc+∞: It never misses its target.
   SInv:      It lets you see invisible.
Missiles
 t - 52 poisoned darts (quivered)
 y - 15 javelins
 F - 2 throwing nets
Armour
 k - the +9 scales of the Dragon King (worn) {rPois rF+ rC+ Will+}
   (You bought it in a shop on level 11 of the Dungeon)

   rF:        It protects you from fire.
   rC:        It protects you from cold.
   rPois:     It protects you from poison.
   Will:      It increases your willpower.
 m - the +0 helmet of the Endless Expanse {*Corrode rF++ Int+3 Slay+3}
   (You found it on level 5 of the Vaults)

   Int:       It affects your intelligence (+3).
   Slay:      It affects your accuracy & damage with ranged weapons and melee
   (+3).
   rF:        It greatly protects you from fire.
   *Corrode:  It may corrode you when you take damage.
 u - a +8 tower shield of protection (worn)
Jewellery
 f - a ring of resist corrosion
 q - the ring of Pantheism (left claw) {rElec Str+3 SInv}
   (You took it off a deep elf pyromancer on level 3 of the Elven Halls)

   [ring of see invisible]

   Str:       It affects your strength (+3).
   rElec:     It insulates you from electricity.
   SInv:      It lets you see invisible.
 r - the ring of Atouvid (right claw) {rF- rN+++ rCorr AC+4 Dex-3}
   (You bought it in a shop on level 3 of the Snake Pit)

   [ring of protection]

   AC:        It affects your AC (+4).
   Dex:       It affects your dexterity (-3).
   rF:        It makes you vulnerable to fire.
   rN:        It renders you almost immune to negative energy.
   rCorr:     It protects you from acid and corrosion.
 L - the amulet of the Pharaoh's Fist (around neck) {rC++ Regen+}
   (You bought it in a shop on level 2 of the Snake Pit)

   [amulet of regeneration]

   rC:        It greatly protects you from cold.
   Regen:     It increases your rate of health regeneration.
 S - an amulet of magic regeneration
Wands
 l - a wand of polymorph (6)
 s - a wand of mindburst (4)
 C - a wand of flame (31)
 K - a wand of paralysis (67)
 T - a wand of roots (44)
 W - a wand of acid (25)
 Y - a wand of digging (24)
Scrolls
 a - 27 scrolls of identify
 b - 2 scrolls of summoning
 c - 2 scrolls of amnesia
 j - a scroll of silence
 p - 3 scrolls of blinking
 w - 10 scrolls of poison
 B - 11 scrolls of vulnerability
 J - a scroll of torment
 M - 5 scrolls of fear
 N - 16 scrolls of teleportation
 Q - 7 scrolls of immolation
Potions
 d - 7 potions of cancellation
 e - 5 potions of ambrosia
 i - 13 potions of attraction
 n - 5 potions of berserk rage
 v - 29 potions of curing
 x - 15 potions of flight
 z - 4 potions of magic
 A - a potion of resistance
 D - 3 potions of brilliance
 H - 9 potions of lignification
 O - 4 potions of might
 R - 5 potions of mutation
 U - a potion of invisibility
Miscellaneous
 g - a tin of tremorstones (2/2)
 o - a condenser vane (inert)
 E - a box of beasts
 I - a phantom mirror


   Skills:
 + Level 21.1 Fighting
 - Level 3.8 Axes
 + Level 19.5 Armour
 - Level 8.6 Dodging
 + Level 19.5 Shields
 * Level 26.2 Unarmed Combat
 - Level 6.6 Transmutations
 - Level 12.0 Invocations


You had 8 spell levels left.
You knew the following spells:

 Your Spells              Type           Power      Damage    Failure   Level
a - Wereblood             Tmut           35%        N/A       30%         2
b - Animate Dead          Necr           0%         N/A       100%        4
c - Borgnjor's Vile Clut  Necr/Erth      0%         N/A       100%        5
d - Passwall              Tmut/Erth      14%        N/A       75%         2
e - Apportation           Tloc           0%         N/A       96%         1
f - Blink                 Tloc           0%         N/A       99%         2

Your spell library contained the following spells:

 Spells                   Type           Power      Damage    Failure   Level
 Beastly Appendage        Tmut           70%        N/A       21%         1
 Spider Form              Tmut/Pois      17%        N/A       93%         3
 Freeze                   Ice            0%         1d3       96%         1
 Magic Dart               Conj           0%         1d3       96%         1
 Necrotise                Necr           0%         1d4       96%         1
 Shock                    Conj/Air       0%         1d3       96%         1
 Slow                     Hex            0%         N/A       96%         1
 Ignite Poison            Fire/Tmut/Pois 11%        N/A       98%         3
 Call Imp                 Summ           0%         N/A       99%         2
 Cigotuvi's Dreadful Rot  Necr/Pois/Air  0%         N/A       99%         2
 Ensorcelled Hibernation  Hex/Ice        0%         N/A       99%         2
 Lesser Beckoning         Tloc           0%         N/A       99%         2
 Poisonous Vapours        Pois/Air       0%         N/A       99%         2
 Searing Ray              Conj           0%         2d4       99%         2
 Sublimation of Blood     Necr           0%         N/A       99%         2
 Blade Hands              Tmut           17%        N/A       99%         5
 Dazzling Flash           Conj/Hex       0%         N/A       100%        3
 Frozen Ramparts          Ice            0%         1d1       100%        3
 Gell's Gravitas          Tloc           0%         N/A       100%        3
 Hailstorm                Conj/Ice       0%         3d3       100%        3
 Inner Flame              Hex/Fire       0%         N/A       100%        3
 Kindle Blastsparks       Fire/Tloc/Air  0%         2d10      100%        3
 Mephitic Cloud           Conj/Pois/Air  0%         N/A       100%        3
 Portal Projectile        Hex/Tloc       0%         N/A       100%        3
 Stone Arrow              Conj/Erth      0%         3d7       100%        3
 Summon Guardian Golem    Hex/Summ       0%         N/A       100%        3
 Swiftness                Air            0%         N/A       100%        3
 Teleport Other           Tloc           0%         N/A       100%        3
 Tukima's Dance           Hex            0%         N/A       100%        3
 Vampiric Draining        Necr           0%         2d6       100%        3
 Vhi's Electric Charge    Tloc/Air       0%         N/A       100%        3
 Airstrike                Air            0%         2d(0-16)  100%        4
 Animate Armour           Summ/Erth      0%         N/A       100%        4
 Cause Fear               Hex            0%         N/A       100%        4
 Fulminant Prism          Conj/Hex       0%         3d5       100%        4
 Iskenderun's Mystic Bla  Conj/Tloc      0%         2d3       100%        4
 Leda's Liquefaction      Hex/Erth       0%         N/A       100%        4
 Manifold Assault         Tloc           0%         N/A       100%        4
 Passage of Golubria      Tloc           0%         N/A       100%        4
 Petrify                  Tmut/Erth      17%        N/A       100%        4
 Summon Ice Beast         Ice/Summ       0%         N/A       100%        4
 Agony                    Necr           0%         N/A       100%        5
 Alistair's Intoxication  Tmut/Pois      11%        N/A       100%        5
 Arcjolt                  Conj/Air       0%         1d10      100%        5
 Freezing Cloud           Conj/Ice/Air   0%         6-21      100%        5
 Irradiate                Conj/Tmut      8%         3d14      100%        5
 Iskenderun's Battlesphe  Conj           0%         2d6       100%        5
 Silence                  Hex/Air        0%         N/A       100%        5
 Summon Mana Viper        Hex/Summ       0%         N/A       100%        5
 Yara's Violent Unravell  Hex/Tmut       8%         3d5       100%        5
 Death Channel            Necr           0%         N/A       100%        6
 Dispersal                Tloc           0%         N/A       100%        6
 Eringya's Noxious Bog    Tmut/Pois      8%         N/A       100%        6
 Iron Shot                Conj/Erth      0%         9d1       100%        6
 Simulacrum               Ice/Necr       0%         N/A       100%        6
 Starburst                Conj/Fire      0%         6d3       100%        6
 Statue Form              Tmut/Erth      11%        N/A       100%        6
 Dragon Form              Tmut           17%        N/A       100%        7
 Enfeeble                 Hex            0%         N/A       100%        7
 Haunt                    Necr/Summ      0%         N/A       100%        7
 Monstrous Menagerie      Summ           0%         N/A       100%        7
 Spellforged Servitor     Conj/Summ      0%         N/A       100%        7
 Storm Form               Tmut/Air       8%         N/A       100%        7
 Borgnjor's Revivificati  Necr           0%         N/A       100%        8
 Discord                  Hex            0%         N/A       100%        8
 Disjunction              Tloc           0%         N/A       100%        8
 Infestation              Necr           0%         N/A       100%        8
 Lehudib's Crystal Spear  Conj/Erth      0%         10d2      100%        8
 Maxwell's Capacitive Co  Air            0%         ∞         100%        8
 Necromutation            Tmut/Necr      8%         N/A       100%        8
 Death's Door             Necr           0%         N/A       100%        9
 Polar Vortex             Ice            0%         N/A       100%        9


Dungeon Overview and Level Annotations

Branches:
Dungeon (15/15)            Temple (0/1) D:7            Lair (5/5) D:11
  Swamp (4/4) Lair:2        Snake (4/4) Lair:3        Slime (0/5) Lair:4
    Orc (2/2) D:12            Elf (3/3) Orc:2        Vaults (5/5) D:14
  Crypt (0/3) Vaults:2     Depths (4/4) D:15            Zot (5/5) Depths:4
Volcano (visited)          WizLab (visited)

Altars:
Ashenzari
Cheibriados
Kikubaaqudgha
Okawaru
Uskayaw
Jiyva

Shops:
D:5 !   D:11 [((!=   D:14 ?   D:15 (([[   Orc:1 ?   Orc:2 :*=![   Snake:2 (=*:
Snake:3 *==   Vaults:2 (   Vaults:3 *   Zot:5 *

Portals:
Hell: Depths:1 Depths:2 Depths:3 Depths:4
Abyss: Depths:2 Depths:3
Pandemonium: Depths:1 Depths:2
Ziggurat: Depths:1
Bazaar: Vaults:1

Annotations:
D:15 3 runed translucent doors, jasper's ghost, journeyman DsTm
Elf:2 5 runed translucent doors
Elf:3 exclusion: 3 doors
Depths:3 3 transporters


Innate Abilities, Weirdness & Mutations

You have claws for hands.
You have hooves in place of feet.
A powerful demonic guardian rushes to your aid.
You can hurl damnation.
A meltable icy envelope protects you from harm. (AC +8)
You are resistant to unholy torment.
A meltable shield of frost defends you. (SH +4)
You punish those that try to bend your will. (Will+)
You have a sharp stinger which inflicts weakening toxins.
You have a pair of small horns on your head.
You are dopey. (Int -2)
Your flesh is heat resistant. (rF+)
You are strong-willed. (Will+)
You are very weak. (Str -4)
Potions cannot restore your health.
You are vulnerable to cold. (rC-)
You occasionally lose the ability to drink potions when taking damage.


Message History

An Executioner comes into view.
You regained 2 hp, and now have 191/214 hp.
You swap places.
Your Executioner gestures.
Your Executioner seems to speed up.
You regained 3 hp, and now have 194/214 hp.
Your Executioner misses the Executioner.
Your Executioner hits the Executioner but does no damage. x2
Your Executioner completely misses the Executioner.
Your Executioner hits the Executioner but does no damage.
Your Executioner hits the Executioner. Your Executioner hits the Executioner!!
Your Executioner hits the Executioner. x2
The Executioner hits your Executioner!!
The Executioner closely misses your Executioner.
The Executioner hits your Executioner but does no damage.
Your Executioner misses the Executioner.
Your Executioner hits the Executioner but does no damage.
Your Executioner hits the Executioner.
The Executioner barely misses your Executioner.
The Executioner hits your Executioner but does no damage. x2
Your Executioner closely misses the Executioner.
Your Executioner hits the Executioner!
Your Executioner misses the Executioner.
The Executioner hits your Executioner!
The Executioner completely misses your Executioner.
The Executioner hits your Executioner but does no damage.
You regained 2 hp, and now have 196/214 hp.
Your Executioner hits the Executioner!!
Your Executioner hits the Executioner. x2
Your Executioner hits the Executioner!!
The Executioner dies!
Cheibriados thoroughly appreciates the change of pace.
You regained 3 hp, and now have 199/214 hp.
(D) Dungeon (T) Temple (L) Lair (S) Swamp (P) Snake Pit (M) Slime Pits (O) Orcish Mines (E) Elven Halls (V) Vaults (C) Crypt (U) Depths (H) Hell (Z) Zot
Where to? (Enter - D:1 @ (x,y), ? - help) HP restored.
Your Executioner disappears in a puff of smoke!
There is an open door here.
There is a staircase leading out of the dungeon here.
Health restored: 214 You have escaped!

...............>.....#....####.#.
.........#...##......#.........#.
.........#...##............#####.
...................#...........#.
................####.#...#.#.###.
.....................#...#.#.# #.
................########.#.#.# #.
..#######......#########.#.#)# #.
..#..........###@#..≈~≈'.....# #.
.............# #.#~P~~.##..#####.
.............# #.#PP~.P#.........
.............# #≈....P~#.#.######
..#.........## #~P.~~.~#.#.##
..#..........# #~P.P≈..#.#..#
..#..........###≈≈.P~~≈+.##.#
...............#########.##.##
............##...........##..#


There were no monsters in sight!

Vanquished Creatures
  A dread lich (Zot:5)
  6 orbs of fire
  2 juggernauts
  Boris (twice) (Vaults:4 Vaults:5)
  Sojobo (Vaults:2)
  3 Killer Klowns
  Head Instructor (WizLab)
  Margery (Vaults:4)
  A curse toe (Zot:5)
  Vashnia (Snake:3)
  Saint Roka (Vaults:4)
  4 caustic shrikes (Depths:4)
  16 golden dragons
  Nikola (Snake:1)
  3 electric golems
  13 tentacled monstrosities
  23 Orb Guardians
  Jorgrun (D:14)
  2 titans (Vaults:5)
  2 deep elf blademasters (Elf:3)
  2 liches
  A walking divine tome (Depths:2)
  10 quicksilver dragons
  4 sphinxes
  2 deep elf master archers (Elf:3)
  12 death cobs
  2 thorn hunters
  5 shadow dragons
  Kirke (Swamp:1)
  10 draconian monks
  14 storm dragons
  Donald (Swamp:1)
  10 tengu reavers
  17 nagarajas
  10 draconian knights
  An azure jelly (Snake:1)
  A fenstrider witch (Swamp:4)
  18 vault wardens
  5 fire giants
  8 deep elf sorcerers
  Louise (Swamp:2)
  5 draconian scorchers
  7 frost giants
  Aizul (Snake:1)
  8 draconian shifters
  6 deep elf elementalists
  An iron dragon (Vaults:5)
  3 ghost moths
  A cacodemon (D:1)
  5 draconian annihilators
  10 ironbound preservers
  12 stone giants
  4 draconian stormcallers
  A broodmother (shapeshifter) (Vaults:5)
  31 very ugly things
  2 war gargoyles
  An orc warlord (Vaults:3)
  A caustic shrike skeleton (Depths:3)
  14 black draconians
  8 ironbound thunderhulks
  3 vampire knights
  7 eleionomae
  6 purple draconians
  11 deep elf demonologists
  3 demonspawn black suns
  20 dire elephants
  11 green draconians
  10 red draconians
  4 bunyips
  2 deep elf annihilators
  9 white draconians
  12 yellow draconians
  9 spark wasps (Depths:4)
  An ettin (shapeshifter) (Vaults:5)
  Snorg (Orc:1)
  7 crystal guardians
  10 fire dragons
  9 ettins
  4 deep elf death magi
  2 shambling mangroves (Swamp:3)
  3 deep elf high priests
  2 great orbs of eyes
  11 yaktaur captains
  2 entropy weavers
  5 salamander tyrants
  30 vault guards
  A spriggan zombie (Depths:3)
  10 hydras
  10 ice dragons
  6 peacekeepers
  2 rakshasas (Depths:2)
  2 spriggan air magi
  A catoblepas (Lair:4)
  9 ogre magi
  16 centaur warriors
  3 death knights
  7 ironbound frosthearts
  7 boulder beetles
  3 ghost crabs
  11 two-headed ogres
  9 alligators
  7 anacondas
  12 dancing weapons
  9 deep troll shamans
  7 deep troll earth magi
  4 tengu warriors
  4 hell hogs
  14 naga warriors
  An orc high priest (Orc:1)
  3 spriggan berserkers
  8 shock serpents
  4 vampire magi
  12 deep elf knights
  A skyshark (Lair:5)
  3 soul eaters
  7 sun demons
  14 hell knights
  8 iron trolls
  14 naga sharpshooters
  7 skeletal warriors
  A sea snake (shapeshifter) (Vaults:5)
  5 goliath frogs
  A death drake (Swamp:4)
  10 salamander mystics
  A spriggan druid (Swamp:2)
  5 swamp dragons
  27 deep trolls
  4 bog bodies
  13 deep elf archers
  2 glowing orange brains
  6 wizards
  4 phantasmal warriors
  A glowing orange brain (shapeshifter) (Vaults:1)
  22 ironbound convokers
  Pikel (D:5)
  A spectral hydra (Swamp:4)
  21 deep elf pyromancers
  14 mana vipers
  An orange crystal statue (D:15)
  4 harpies (Vaults:1)
  6 naga ritualists
  6 lindwurms
  10 necromancers
  4 orc sorcerers
  8 orc knights
  A shining eye (Depths:2)
  A frost giant zombie (Vaults:1)
  17 deep elf zephyrmancers
  7 will-o-the-wisps
  A human zombie (Vaults:4)
  23 salamanders
  14 moths of wrath
  2 manticores
  37 ugly things
  A tengu skeleton (Vaults:1)
  7 cyclopes
  A stone giant skeleton (Vaults:4)
  3 eyes of devastation (Depths:2)
  Maurice (D:8)
  9 vault sentinels
  15 cane toads
  23 elephants
  17 naga magi
  5 guardian serpents
  46 black mambas
  A rust devil (D:9)
  2 centaur skeletons (D:15)
  3 unseen horrors
  3 gargoyles
  A kobold demonologist (D:13)
  An orange demon (D:1)
  2 efreet
  A komodo dragon (shapeshifter) (Elf:1)
  11 komodo dragons
  3 freezing wraiths
  3 rime drakes
  35 yaktaurs
  4 swamp worm zombies (Swamp:4)
  6 tengu conjurers
  5 tyrant leeches
  5 polar bears (Lair:5)
  A bloated husk (Swamp:4)
  A tengu simulacrum (Vaults:4)
  15 trolls
  6 hydra zombies (Swamp:4)
  15 hornets
  A tarantella (shapeshifter) (Vaults:5)
  Prince Ribbit (D:5)
  2 alligator zombies (Swamp:4)
  12 blink frogs
  2 dream sheep (Lair:5)
  A snapping turtle (shapeshifter) (Depths:2)
  32 spriggans
  28 slime creatures
  A culicivora (Vaults:3)
  4 wraiths
  Sigmund (D:3)
  A centaur simulacrum (D:15)
  6 water elementals
  64 yaks
  A yak (shapeshifter) (D:15)
  6 wyverns
  A vampire (D:11)
  An air elemental (Elf:1)
  A shadow (D:12)
  6 basilisks
  3 fire elementals
  4 hogs (Swamp:2)
  A steam dragon (D:8)
  7 fire bats
  A redback (shapeshifter) (Vaults:5)
  19 vampire mosquitoes
  Menkaure (D:5)
  2 redbacks
  An elf simulacrum (Vaults:1)
  7 wargs
  4 acid dragons
  53 nagas
  17 water moccasins
  13 swamp worms
  A glowing shapeshifter skeleton (Depths:3)
  2 floating eyes (Depths:2)
  2 ice beasts (D:7)
  25 orc warriors
  2 sky beasts
  7 black bears
  24 ogres
  2 swamp drakes
  A swamp dragon zombie (Swamp:4)
  17 wolves (Lair:5)
  7 phantoms
  5 boggarts (Lair:5)
  A human skeleton (Vaults:1)
  5 centaurs
  Blork the orc (D:4)
  11 bullfrogs
  2 gnoll sergeants
  2 earth elementals
  4 scorpions (D:5)
  3 wights (D:9)
  A troll zombie (D:12)
  11 killer bees
  4 electric eels
  11 orc priests
  6 jellies
  2 gnoll boudas
  2 hounds
  4 iguanas
  15 orc wizards
  Natasha (twice) (D:4)
  2 spectral swamp drakes (Swamp:4)
  A lightning spire (Zot:1)
  5 ogre zombies (D:12)
  3 swamp drake zombies (Swamp:4)
  3 adders
  20 gnolls
  A shadow imp (D:8)
  3 white imps
  2 ufetubi (D:5)
  4 worms
  2 dart slugs
  59 orcs
  12 ball pythons
  5 bats
  3 endoplasms
  A giant cockroach (D:4)
  7 goblins
  15 hobgoblins
  11 jackals
  5 quokkas
  4 frilled lizards (D:1)
  A goblin skeleton (D:12)
  A goblin zombie (D:12)
  A hobgoblin skeleton (D:12)
  A hobgoblin zombie (D:12)
  3 kobolds
  5 orc skeletons (D:12)
  14 orc zombies (D:12)
  8 rats
  A fire vortex (Depths:2)
1994 creatures vanquished.

Vanquished Creatures (collateral kills)
  An orb of fire (Zot:5)
  A caustic shrike (Depths:2)
  A bone dragon (Swamp:4)
  2 death cobs
  An Executioner (D:1)
  A tengu reaver (Vaults:2)
  2 nagarajas (Snake:4)
  A deep elf sorcerer (Elf:3)
  A deep elf death mage (Elf:3)
  A vault guard (Vaults:5)
  A hydra (Swamp:2)
  2 anacondas
  4 naga sharpshooters
  A deep elf knight (Elf:2)
  A salamander mystic (WizLab)
  A skeletal warrior (D:11)
  A bog body (Swamp:2)
  A deep elf archer (Elf:2)
  A wizard (Depths:1)
  2 deep elf zephyrmancers (Elf:2)
  A manticore (D:12)
  A moth of wrath (Zot:2)
  A salamander (Snake:3)
  A naga mage (Snake:1)
  A hellion (D:1)
  A swamp worm zombie (Swamp:4)
  A hornet (Swamp:3)
  A shadow (D:12)
  A spriggan (Swamp:2)
  2 nagas
  2 wolves (Lair:5)
  An orc priest (Orc:2)
  An orc wizard (D:8)
  A spectral swamp drake (Swamp:4)
  2 ogre zombies (D:12)
  An adder (D:5)
  A worm (D:3)
  2 orcs
  An orc skeleton (D:12)
  An orc zombie (D:12)
51 creatures vanquished.

Vanquished Creatures (others)
  An eldritch tentacle (Zot:5)
  A nagaraja (Snake:4)
  3 fire giants
  A deep elf knight (Elf:3)
  3 deep elf zephyrmancers (Elf:1)
  A salamander (Snake:1)
  A deep elf pyromancer (D:12)
  A black mamba (Snake:1)
  4 yaktaurs (Vaults:1)
  3 bloated husks
  A tyrant leech (Swamp:3)
  A water elemental (Elf:3)
  2 nagas (Snake:1)
  2 centaurs (Volcano)
  3 phantoms (Swamp:4)
  28 foxfires
  15 fungi
  65 plants
136 creatures vanquished.

Grand Total: 2181 creatures vanquished

Notes
Turn   | Place    | Note
-------+----------+-------------------------------------------
     0 | D:1      | jasper the Demonspawn Fighter began the quest for the Orb.
     0 | D:1      | Reached XP level 1. HP: 18/18 MP: 1/1
   107 | D:1      | Gained mutation: A meltable shield of frost defends you.
                  | (SH +4) [demonic ancestry]
   107 | D:1      | Reached XP level 2. HP: 15/24 MP: 2/2
   391 | D:1      | Reached XP level 3. HP: 20/29 MP: 3/3
  1187 | D:2      | Gained mutation: A weak demonic guardian rushes to your
                  | aid. [demonic ancestry]
  1187 | D:2      | Reached XP level 4. HP: 31/35 MP: 4/4
  1940 | D:3      | Noticed Sigmund
  1948 | D:3      | Killed Sigmund
  1949 | D:3      | Reached XP level 5. HP: 39/42 MP: 5/5
  2140 | D:3      | Discovered your monstrous ancestry.
  2140 | D:3      | Gained mutation: You have large cloven feet. [demonic
                  | ancestry]
  2140 | D:3      | Reached XP level 6. HP: 48/48 MP: 6/6
  2374 | D:3      | Found a snail-covered altar of Cheibriados.
  2404 | D:3      | Became a worshipper of Cheibriados the Contemplative
  2577 | D:4      | Noticed Natasha
  2587 | D:4      | Killed Natasha
  2691 | D:4      | Reached skill level 1 in Unarmed Combat
  2905 | D:4      | Reached * piety under Cheibriados
  3076 | D:4      | Noticed Blork the orc
  3077 | D:4      | Gained mutation: You are partially covered in iridescent
                  | scales. (AC +2) [potion of mutation]
  3077 | D:4      | Gained mutation: Armour fits poorly on your strangely
                  | shaped body. [potion of mutation]
  3077 | D:4      | Gained mutation: You are mostly covered in iridescent
                  | scales. (AC +4) [potion of mutation]
  3085 | D:4      | Killed Blork the orc
  3086 | D:4      | Reached skill level 2 in Unarmed Combat
  3178 | D:4      | Noticed Natasha
  3185 | D:4      | Killed Natasha
  3186 | D:4      | Gained mutation: You have a small tail. [demonic ancestry]
  3186 | D:4      | Reached XP level 7. HP: 50/55 MP: 7/7
  3553 | D:5      | Entered Level 5 of the Dungeon
  3633 | D:5      | Reached skill level 1 in Dodging
  3738 | D:5      | Noticed Menkaure
  3746 | D:5      | Killed Menkaure
  3747 | D:5      | Reached skill level 3 in Unarmed Combat
  4024 | D:5      | Noticed Pikel
  4039 | D:5      | Killed Pikel
  4040 | D:5      | Reached skill level 5 in Fighting
  4040 | D:5      | Reached skill level 4 in Unarmed Combat
  4040 | D:5      | Gained mutation: You have sharp fingernails. [demonic
                  | ancestry]
  4040 | D:5      | Reached XP level 8. HP: 20/63 MP: 8/8
  4273 | D:5      | Reached skill level 5 in Armour
  4415 | D:5      | Reached ** piety under Cheibriados
  4469 | D:5      | Noticed Prince Ribbit
  4554 | D:6      | Reached skill level 5 in Unarmed Combat
  5330 | D:6      | Learned a level 2 spell: Wereblood
  5583 | D:7      | Gained mutation: You have hoof-like feet. [demonic
                  | ancestry]
  5583 | D:7      | Reached XP level 9. HP: 61/69 MP: 9/9
  5892 | D:7      | Found a staircase to the Ecumenical Temple.
  5965 | D:7      | Reached skill level 6 in Unarmed Combat
  6823 | D:8      | Found the +5 Force Lance {heavy, knockback}
  6988 | D:8      | Noticed Maurice
  6996 | D:8      | Paralysed by Maurice for 5 turns
  7015 | D:8      | Paralysed by something for 3 turns
  7032 | D:8      | Killed Maurice
  7049 | D:8      | Reached skill level 7 in Unarmed Combat
  7082 | D:8      | Reached *** piety under Cheibriados
  7105 | D:8      | Lost mutation: Armour fits poorly on your strangely shaped
                  | body. [potion of mutation]
  7105 | D:8      | Lost mutation: You are mostly covered in iridescent scales.
                  | (AC +4) [potion of mutation]
  7105 | D:8      | Lost mutation: You are partially covered in iridescent
                  | scales. (AC +2) [potion of mutation]
  7105 | D:8      | Gained mutation: You are robust. (+10% HP) [potion of
                  | mutation]
  7105 | D:8      | Lost mutation: You are robust. (+10% HP) [potion of
                  | mutation]
  7105 | D:8      | Gained mutation: You are robust. (+10% HP) [potion of
                  | mutation]
  7697 | D:9      | Reached XP level 10. HP: 64/86 MP: 10/10
  7767 | D:9      | Reached skill level 5 in Dodging
  8261 | D:10     | Entered Level 10 of the Dungeon
  8278 | D:10     | Found a hide-covered altar of Uskayaw.
  8593 | D:10     | Reached skill level 8 in Unarmed Combat
  8620 | D:10     | Reached **** piety under Cheibriados
  8905 | D:10     | Noticed a two-headed ogre
  8916 | D:10     | Killed a two-headed ogre
  9203 | D:10     | Reached skill level 9 in Unarmed Combat
  9242 | D:10     | Noticed an ogre mage
  9242 | D:10     | Noticed a manticore
  9243 | D:10     | Noticed a centaur warrior
  9243 | D:10     | Noticed a brown ugly thing
  9252 | D:10     | Killed a centaur warrior
  9253 | D:10     | Gained mutation: You have a tail ending in a sharp stinger.
                  | [demonic ancestry]
  9253 | D:10     | Reached XP level 11. HP: 45/94 MP: 11/11
  9253 | D:10     | Killed an ogre mage
  9268 | D:10     | Killed a brown ugly thing
  9322 | D:10     | Noticed an orc knight
  9339 | D:10     | Killed an orc knight
  9384 | D:10     | Reached skill level 10 in Unarmed Combat
  9976 | D:11     | Found Vypha's Jewellery Boutique.
 10051 | D:11     | Noticed a skeletal warrior
 10094 | D:11     | Killed a skeletal warrior
 10360 | D:5      | Reached ***** piety under Cheibriados
 10443 | D:5      | Identified the amulet of Beauty {Reflect rPois rC+ SH+5}
 10738 | D:5      | Killed Prince Ribbit
 10750 | D:5      | Found Wipuv's Distillery.
 10753 | D:5      | Bought a potion of heal wounds for 50 gold pieces
 10753 | D:5      | Bought a potion of curing for 30 gold pieces
 10753 | D:5      | Bought a potion of curing for 30 gold pieces
 10753 | D:5      | Bought a potion of curing for 30 gold pieces
 10753 | D:5      | Bought a potion of curing for 30 gold pieces
 10753 | D:5      | Bought a potion of berserk rage for 50 gold pieces
 10753 | D:5      | Bought a potion of might for 40 gold pieces
 11455 | D:11     | Noticed a two-headed ogre
 11465 | D:11     | Killed a two-headed ogre
 11505 | D:11     | Noticed a red ugly thing
 11505 | D:11     | Noticed a boulder beetle
 11511 | D:11     | Killed a red ugly thing
 11522 | D:11     | Killed a boulder beetle
 11580 | D:11     | Found Banuod's Antique Armour Shop.
 11591 | D:11     | Found a staircase to the Lair.
 11609 | D:11     | Noticed a skeletal warrior
 11630 | D:11     | Killed a skeletal warrior
 11645 | D:11     | Noticed a skeletal warrior
 11662 | D:11     | Killed a skeletal warrior
 11663 | D:11     | Reached skill level 11 in Unarmed Combat
 11663 | D:11     | Gained mutation: You have a sharp stinger which inflicts
                  | weakening toxins. [demonic ancestry]
 11663 | D:11     | Reached XP level 12. HP: 54/105 MP: 12/12
 12029 | D:11     | Found Qamn's Weapon Boutique.
 12126 | D:11     | Found Gafix's Distillery.
 12410 | D:11     | Found Inoyroh's Antique Weapon Emporium.
 12724 | Lair:1   | Entered Level 1 of the Lair of Beasts
 12830 | Lair:1   | Reached skill level 1 in Invocations
 12854 | Lair:1   | Identified the +3 leather armour "Acidwoom" {Int+3}
 13065 | Lair:1   | Reached skill level 5 in Invocations
 13246 | Lair:1   | Reached ****** piety under Cheibriados
 13511 | Lair:1   | Reached skill level 10 in Invocations
 14211 | Lair:2   | Gained mutation: You have very sharp fingernails. [demonic
                  | ancestry]
 14211 | Lair:2   | Reached XP level 13. HP: 108/112 MP: 21/21
 14229 | Lair:2   | Learned a level 4 spell: Animate Dead
 14422 | Lair:2   | Found a staircase to the Swamp.
 15014 | Lair:3   | Found a dark tunnel.
 15028 | Volcano  | Entered a volcano
 15089 | Volcano  | Reached skill level 10 in Fighting
 15806 | Lair:3   | Found a staircase to the Snake Pit.
 15900 | Lair:3   | Reached skill level 12 in Unarmed Combat
 17689 | Lair:4   | Reached skill level 10 in Armour
 17906 | Lair:4   | Reached skill level 13 in Unarmed Combat
 17920 | Lair:4   | Found a staircase to the Slime Pits.
 17980 | Lair:4   | Reached XP level 14. HP: 112/124 MP: 23/23
 18404 | Lair:5   | Entered Level 5 of the Lair of Beasts
 19300 | Lair:5   | Reached skill level 14 in Unarmed Combat
 20360 | D:12     | Found a staircase to the Orcish Mines.
 21959 | D:13     | Gained mutation: A meltable icy envelope protects you from
                  | harm. (AC +8) [demonic ancestry]
 21959 | D:13     | Reached XP level 15. HP: 134/134 MP: 24/24
 22186 | D:13     | Found a broken altar of Ashenzari.
 22437 | D:14     | Reached skill level 15 in Unarmed Combat
 22437 | D:14     | Reached skill level 1 in Transmutations
 22486 | D:14     | Identified the +7 short sword "Maowyal" {holy, rElec rN++}
 22492 | D:14     | Noticed Jorgrun
 22513 | D:14     | Killed Jorgrun
 23012 | D:14     | Found The Oracle's Delphic Readings.
 23016 | D:14     | Bought a scroll of teleportation for 36 gold pieces
 23016 | D:14     | Bought a scroll of teleportation for 36 gold pieces
 23016 | D:14     | Bought a scroll of acquirement for 624 gold pieces
 23016 | D:14     | Acquired 513 gold pieces
 23417 | D:14     | Found a gate to the Vaults.
 23763 | D:15     | Entered Level 15 of the Dungeon
 23775 | D:15     | Found Ofraphur's Antique Armour Emporium.
 23880 | D:15     | Reached skill level 5 in Transmutations
 23995 | D:15     | Found a runed translucent door.
 24374 | D:15     | Found a runed translucent gate.
 24374 | D:15     | Found a runed translucent gate.
 24374 | D:15     | Found a runed translucent gate.
 24374 | D:15     | Found an iron altar of Okawaru.
 24374 | D:15     | Noticed jasper's ghost (journeyman DsTm)
 24423 | D:15     | Found Mogadon's Armour Emporium.
 24699 | D:15     | Paralysed by an orc sorcerer for 2 turns
 24812 | D:15     | Found a staircase to the Depths.
 24827 | D:15     | Reached skill level 5 in Shields
 24882 | D:15     | Found Wizoas's Weapon Shoppe.
 24903 | D:15     | Found Ynoidghes's Weapon Shop.
 25283 | Orc:1    | Entered Level 1 of the Orcish Mines
 25291 | Orc:1    | Noticed Snorg
 25306 | Orc:1    | Killed Snorg
 25747 | Orc:1    | Found Selirgha's Magic Scroll Shop.
 26019 | Orc:2    | Entered Level 2 of the Orcish Mines
 26288 | Orc:2    | Found Cosheud's Antique Armour Boutique.
 26446 | Orc:2    | Found Xyil Fou's Jewellery Boutique.
 26483 | Orc:2    | Found Racynaag's General Store.
 26505 | Orc:2    | Found Xivvuoleaps's Distillery.
 26563 | Orc:2    | Found Gist's Book Shoppe.
 26735 | Orc:2    | Found a staircase to the Elven Halls.
 26927 | Swamp:1  | Entered Level 1 of the Swamp
 26943 | Swamp:1  | Gained mutation: A demonic guardian rushes to your aid.
                  | [demonic ancestry]
 26943 | Swamp:1  | Reached XP level 16. HP: 140/140 MP: 25/25
 27154 | Swamp:1  | Identified the +2 robe of Uqaraan {Will+ Str+3}
 27265 | Swamp:1  | Reached skill level 10 in Shields
 27571 | Swamp:2  | Noticed Donald
 27605 | Swamp:1  | Killed Donald
 27716 | Swamp:2  | Paralysed by a spriggan for 2 turns
 27751 | Swamp:2  | Noticed Kirke
 27779 | Swamp:1  | Killed Kirke
 28286 | Swamp:2  | Noticed Louise
 28298 | Swamp:2  | Killed Louise
 28711 | Swamp:3  | Noticed a thorn hunter
 28721 | Swamp:2  | Killed a thorn hunter
 30454 | Swamp:4  | Entered Level 4 of the Swamp
 30631 | Swamp:4  | Noticed a tentacled monstrosity
 30694 | Swamp:4  | Killed a tentacled monstrosity
 31144 | Swamp:4  | Noticed a thorn hunter
 31154 | Swamp:3  | Killed a thorn hunter
 31868 | Swamp:4  | Gained mutation: You punish those that try to bend your
                  | will. (Will+) [demonic ancestry]
 31868 | Swamp:4  | Reached XP level 17. HP: 47/149 MP: 26/26
 32619 | Swamp:4  | Reached skill level 16 in Unarmed Combat
 32629 | Swamp:4  | Noticed a bone dragon
 32655 | Swamp:4  | Killed a bone dragon
 32914 | Swamp:4  | Got a decaying rune of Zot
 33474 | Snake:1  | Entered Level 1 of the Snake Pit
 33735 | Snake:1  | Noticed Aizul
 33750 | Snake:1  | Killed Aizul
 34174 | Snake:1  | Noticed Nikola
 34195 | Snake:1  | Killed Nikola
 35760 | Snake:2  | Found Nowkimoq's Assorted Antiques.
 35760 | Snake:2  | Found Siocseb's Jewellery Shoppe.
 35762 | Snake:2  | Found Weiqepyn's Weapon Shoppe.
 35839 | Snake:2  | Found Esyik's Book Emporium.
 36490 | Snake:2  | Reached skill level 17 in Unarmed Combat
 36596 | Snake:3  | Found Iwehadorph's General Store.
 36596 | Snake:3  | Found Liwummut's Jewellery Emporium.
 36600 | Snake:3  | Found Wengipn's Jewellery Shoppe.
 36658 | Snake:3  | Noticed Vashnia
 36682 | Snake:3  | Killed Vashnia
 37361 | Snake:3  | Gained mutation: You have claws for hands. [demonic
                  | ancestry]
 37361 | Snake:3  | Reached XP level 18. HP: 157/160 MP: 27/27
 37725 | Snake:4  | Entered Level 4 of the Snake Pit
 40405 | Snake:4  | Reached skill level 18 in Unarmed Combat
 41427 | Snake:4  | Got a serpentine rune of Zot
 41795 | Elf:1    | Entered Level 1 of the Elven Halls
 42374 | Elf:1    | Reached skill level 15 in Fighting
 42511 | Elf:1    | Learned a level 5 spell: Borgnjor's Vile Clutch
 42572 | Elf:1    | Found an ancient bone altar of Kikubaaqudgha.
 42726 | Elf:1    | Paralysed by an air elemental for 1 turns
 42923 | Elf:1    | Reached XP level 19. HP: 170/170 MP: 28/28
 43237 | Elf:1    | Got the Disquisition on Allied Bruises
 44231 | Elf:2    | Found a huge runed translucent gate.
 44231 | Elf:2    | Found a huge runed translucent gate.
 44231 | Elf:2    | Found a huge runed translucent gate.
 44238 | Elf:2    | Found a huge runed translucent gate.
 44239 | Elf:2    | Found a huge runed translucent gate.
 44851 | Elf:3    | Entered Level 3 of the Elven Halls
 46384 | Elf:3    | Reached skill level 19 in Unarmed Combat
 49931 | Elf:3    | Identified the +10 broad axe of Tafegul {freeze, rCorr
                  | MP+9}
 49931 | Elf:3    | Identified the ring of Pantheism {rElec Str+3 SInv}
 50162 | Elf:3    | Identified the +1 robe of the Baker {rPois Str+2}
 50526 | Elf:3    | Noticed a Brimstone Fiend
 50564 | Elf:3    | Got the Octavo of the Catacomb and Inhalation
 50570 | Elf:3    | Got the Elucidation of Evolution
 50581 | Elf:3    | Got Yxtoqymm's Precepts of the Pneumatic Black Widow
 50583 | Elf:3    | Got the Compendium of Captivating Mud
 50840 | Vaults:1 | Entered Level 1 of the Vaults
 51431 | D:11     | Bought the +9 scales of the Dragon King {rPois rF+ rC+
                  | Will+} for 4368 gold pieces
 51431 | D:11     | Found the +9 scales of the Dragon King {rPois rF+ rC+
                  | Will+}
 51557 | Vaults:1 | Gained mutation: A powerful demonic guardian rushes to your
                  | aid. [demonic ancestry]
 51557 | Vaults:1 | Reached XP level 20. HP: 178/180 MP: 29/29
 52530 | Vaults:1 | Found a gateway to a bazaar.
 53125 | Vaults:2 | Reached skill level 20 in Unarmed Combat
 53277 | Vaults:2 | Noticed Sojobo
 53542 | Vaults:1 | Reached skill level 15 in Shields
 53557 | Vaults:2 | Reached skill level 15 in Armour
 53560 | Vaults:2 | Paralysed by an air elemental for 1 turns
 53573 | Vaults:2 | Paralysed by an air elemental for 1 turns
 53575 | Vaults:2 | Killed Sojobo
 54199 | Vaults:2 | Found a staircase to the Crypt.
 54422 | Vaults:2 | Found Qinkejui's Antique Weapon Shop.
 55469 | Vaults:3 | Identified the ring "Mapeasch" {*Corrode rPois MP+9 Str+3}
 55631 | Vaults:3 | Identified the +6 mace "Saahucoc" {heavy, rN++ Int+3}
 55703 | Vaults:3 | Found Yggegetu's Assorted Antiques.
 55723 | Vaults:3 | Bought a scroll of fog for 164 gold pieces
 56723 | Vaults:4 | Gained mutation: You have hooves in place of feet. [demonic
                  | ancestry]
 56723 | Vaults:4 | Reached XP level 21. HP: 152/190 MP: 30/30
 56848 | Vaults:4 | Noticed Margery
 56860 | Vaults:4 | Killed Margery
 56895 | Vaults:4 | Reached skill level 21 in Unarmed Combat
 58012 | Vaults:4 | Noticed Boris
 58022 | Vaults:4 | Killed Boris
 58118 | Vaults:4 | Noticed Saint Roka
 58136 | Vaults:4 | Killed Saint Roka
 59178 | D:11     | Bought a potion of might for 52 gold pieces
 59178 | D:11     | Bought a potion of curing for 39 gold pieces
 59271 | Orc:2    | Bought 2 potions of curing for 78 gold pieces
 59271 | Orc:2    | Bought a potion of berserk rage for 65 gold pieces
 59271 | Orc:2    | Bought a potion of resistance for 130 gold pieces
 59271 | Orc:2    | Bought a potion of curing for 39 gold pieces
 59271 | Orc:2    | Bought a potion of heal wounds for 65 gold pieces
 59443 | Depths:1 | Entered Level 1 of the Depths
 59775 | Depths:1 | Found a one-way gateway to a ziggurat.
 59802 | Depths:1 | Found a one-way gate leading to the halls of Pandemonium.
 59939 | Depths:1 | Found a gateway to Hell.
 60931 | Depths:2 | Lost mutation: You are robust. (+10% HP) [a shining eye]
 60934 | Depths:2 | Gained mutation: Your spells are a little easier to cast,
                  | but a little less powerful. [a shining eye]
 61185 | Depths:2 | Gained mutation: A meltable icy envelope protects you from
                  | harm. (AC +8) [demonic ancestry]
 61185 | Depths:2 | Reached XP level 22. HP: 157/183 MP: 31/31
 61187 | Depths:2 | Paralysed by a floating eye for 4 turns
 61188 | Depths:2 | Reached skill level 22 in Unarmed Combat
 61345 | Depths:2 | Found a one-way gate to the infinite horrors of the Abyss.
 61544 | Depths:1 | Identified the +11 quarterstaff "Facuurr" {protect, rN+
                  | Int+3}
 61754 | Depths:2 | Found Zin's Purification Station.
 61760 | Depths:2 | Bought a potion of curing for 90 gold pieces
 62286 | Depths:2 | Noticed a golden dragon
 62302 | Depths:2 | Noticed a juggernaut
 62303 | Depths:2 | Killed a golden dragon
 62310 | Depths:2 | Killed a juggernaut
 62313 | Depths:2 | Noticed a caustic shrike
 62320 | Depths:2 | Killed a caustic shrike
 62404 | Depths:2 | Identified the +4 chain mail "Ytyitenk" {-Tele Harm Rampage
                  | Int+6}
 62445 | Depths:2 | Identified the +0 leather armour of the Accordion {Rampage
                  | rN+ Will++ Slay+2}
 62976 | Depths:3 | Noticed a juggernaut
 62982 | Depths:2 | Paralysed by a floating eye for 4 turns
 62997 | Depths:3 | Killed a juggernaut
 63239 | Depths:3 | Found a magical portal.
 63248 | WizLab   | Entered Yara's Duelist Academy
 63556 | WizLab   | Noticed Cuxau
 63563 | WizLab   | Killed Cuxau the Head Instructor
 63625 | WizLab   | Got Yara's Vellum of Anathema
 63992 | Depths:3 | Noticed a golden dragon
 64080 | Depths:3 | Found a transporter.
 64083 | Depths:3 | Found a transporter.
 64092 | Depths:3 | Found a transporter.
 64174 | Depths:3 | Found a viscous altar of Jiyva.
 64280 | Depths:4 | Entered Level 4 of the Depths
 64558 | Depths:4 | Found the +27 heavy crossbow "Sniper" {heavy, Acc+∞ SInv}
 64672 | Depths:4 | Upgraded the game from 0.30-a0-862-g1aabd4f9c5 to
                  | 0.30-a0-867-g305f33218d
 64934 | Depths:4 | Noticed a caustic shrike
 64934 | Depths:4 | Noticed a caustic shrike
 64934 | Depths:4 | Noticed a caustic shrike
 64934 | Depths:4 | Noticed a caustic shrike
 64936 | Depths:4 | Killed a caustic shrike
 64936 | Depths:4 | Killed a caustic shrike
 64936 | Depths:4 | Killed a caustic shrike
 64936 | Depths:4 | Killed a caustic shrike
 64937 | Depths:4 | Reached skill level 23 in Unarmed Combat
 64977 | Depths:4 | Gained mutation: You are resistant to unholy torment.
                  | [demonic ancestry]
 64977 | Depths:4 | Reached XP level 23. HP: 160/192 MP: 30/32
 65200 | Depths:4 | Found a gate to the Realm of Zot.
 66450 | Vaults:5 | Entered Level 5 of the Vaults
 66606 | Vaults:5 | Noticed Boris
 66617 | Vaults:5 | Killed Boris
 67446 | Vaults:5 | Identified the ring of Zaseip {rF+ rC+ Str+3}
 67731 | Vaults:5 | Identified the +5 ring mail "Naelluaca" {rF- Dex+4}
 67731 | Vaults:5 | Identified the ring of Rationality {Ice rPois Int+2 SInv}
 67844 | Vaults:5 | Identified the +10 plate armour "Nenaz" {*Slow rCorr Dex+4
                  | Stlth+}
 68202 | Vaults:5 | Identified the +2 dagger of Upheaval {venom, *Rage rPois
                  | rF++ Str+3}
 68224 | Vaults:5 | Got a silver rune of Zot
 68309 | Vaults:5 | Reached skill level 24 in Unarmed Combat
 68677 | Vaults:5 | Identified the +0 helmet of the Endless Expanse {*Corrode
                  | rF++ Int+3 Slay+3}
 68778 | Vaults:5 | Identified the +6 shortbow of the Transmuting Gods {speed,
                  | rPois}
 68797 | Vaults:5 | Identified the +11 longbow of Departure {heavy, Dex+2}
 68797 | Vaults:5 | Identified the ring "Ciqy" {rN+ Str+5 Int+6}
 69166 | Zot:1    | Entered Level 1 of the Realm of Zot
 69213 | Zot:1    | Gained mutation: You can hurl damnation. [demonic ancestry]
 69213 | Zot:1    | Reached XP level 24. HP: 107/202 MP: 32/32
 71160 | Snake:2  | Bought the amulet of the Pharaoh's Fist {rC++ Regen+} for
                  | 1035 gold pieces
 72898 | Zot:2    | You fall into a shaft and drop 2 floors!
 73240 | Zot:2    | Noticed an orb of fire
 73242 | Zot:2    | Gained mutation: You have a somewhat thin skeletal
                  | structure. (Dex +2, Stealth+) [an orb of fire]
 73249 | Zot:2    | Killed an orb of fire
 73656 | Zot:2    | Learned a level 2 spell: Passwall
 73658 | Zot:2    | Learned a level 1 spell: Apportation
 73661 | Zot:2    | Learned a level 2 spell: Blink
 73996 | Zot:3    | Reached skill level 25 in Unarmed Combat
 74043 | Zot:3    | Noticed an orb of fire
 74044 | Zot:3    | Gained mutation: You occasionally lose the ability to drink
                  | potions when taking damage. [an orb of fire]
 74052 | Zot:3    | Killed an orb of fire
 74617 | Zot:3    | Noticed a Killer Klown
 74630 | Zot:3    | Reached XP level 25. HP: 212/212 MP: 32/32
 74641 | Zot:3    | Killed a Killer Klown
 75152 | Snake:3  | Bought the ring of Atouvid {rF- rN+++ rCorr AC+4 Dex-3} for
                  | 788 gold pieces
 76376 | Zot:5    | Entered Level 5 of the Realm of Zot
 76399 | Zot:5    | Found Sumiuziom's Changing Room.
 77878 | Zot:5    | Noticed an orb of fire
 77884 | Zot:5    | Gained mutation: You do not regenerate when monsters are
                  | visible. [an orb of fire]
 77889 | Zot:5    | Gained mutation: Armour fits poorly on your strangely
                  | shaped body. [an orb of fire]
 77890 | Zot:5    | Gained mutation: You are occasionally teleported next to
                  | monsters. [an orb of fire]
 77893 | Zot:5    | Killed an orb of fire
 77894 | Zot:5    | Noticed an orb of fire
 77899 | Zot:5    | Gained mutation: You sometimes lose your temper in combat.
                  | [an orb of fire]
 77900 | Zot:5    | Killed an orb of fire
 77943 | Zot:5    | Lost mutation: You have a somewhat thin skeletal structure.
                  | (Dex +2, Stealth+) [potion of mutation]
 77943 | Zot:5    | Lost mutation: You are occasionally teleported next to
                  | monsters. [potion of mutation]
 77943 | Zot:5    | Gained mutation: You are robust. (+10% HP) [potion of
                  | mutation]
 77943 | Zot:5    | Gained mutation: You have a pair of small horns on your
                  | head. [potion of mutation]
 77944 | Zot:5    | Lost mutation: You sometimes lose your temper in combat.
                  | [potion of mutation]
 77944 | Zot:5    | Lost mutation: Armour fits poorly on your strangely shaped
                  | body. [potion of mutation]
 77944 | Zot:5    | Gained mutation: Your magical capacity is low. (-10% MP)
                  | [potion of mutation]
 77944 | Zot:5    | Gained mutation: You sometimes lose the ability to drink
                  | potions when taking damage. [potion of mutation]
 77944 | Zot:5    | Gained mutation: You have hidden genetic potential. [potion
                  | of mutation]
 77945 | Zot:5    | Lost mutation: Your spells are a little easier to cast, but
                  | a little less powerful. [potion of mutation]
 77945 | Zot:5    | Lost mutation: You sometimes lose the ability to drink
                  | potions when taking damage. [potion of mutation]
 77945 | Zot:5    | Lost mutation: You are robust. (+10% HP) [potion of
                  | mutation]
 77945 | Zot:5    | Gained mutation: Your spells are a little harder to cast,
                  | but a little more powerful. [potion of mutation]
 77945 | Zot:5    | Gained mutation: You expend magic power (3 MP) to
                  | strengthen your wands. [potion of mutation]
 77946 | Zot:5    | Lost mutation: Your spells are a little harder to cast, but
                  | a little more powerful. [potion of mutation]
 77946 | Zot:5    | Lost mutation: You occasionally lose the ability to drink
                  | potions when taking damage. [potion of mutation]
 77946 | Zot:5    | Gained mutation: You sometimes lose your temper in combat.
                  | [potion of mutation]
 77947 | Zot:5    | Lost mutation: Your magical capacity is low. (-10% MP)
                  | [potion of mutation]
 77947 | Zot:5    | Lost mutation: You sometimes lose your temper in combat.
                  | [potion of mutation]
 77947 | Zot:5    | Gained mutation: You have a somewhat thin skeletal
                  | structure. (Dex +2, Stealth+) [potion of mutation]
 77947 | Zot:5    | Lost mutation: You have hidden genetic potential. [potion
                  | of mutation]
 77947 | Zot:5    | Lost mutation: You do not regenerate when monsters are
                  | visible. [potion of mutation]
 77963 | Zot:5    | Lost mutation: You expend magic power (3 MP) to strengthen
                  | your wands. [potion of mutation]
 77963 | Zot:5    | Lost mutation: You have a somewhat thin skeletal structure.
                  | (Dex +2, Stealth+) [potion of mutation]
 77963 | Zot:5    | Gained mutation: You are strong-willed. (Will+) [potion of
                  | mutation]
 77963 | Zot:5    | Gained mutation: You are weak. (Str -2) [potion of
                  | mutation]
 77963 | Zot:5    | Gained mutation: You have an increased reservoir of magic.
                  | (+10% MP) [potion of mutation]
 77963 | Zot:5    | Gained mutation: Your flesh is heat resistant. (rF+)
                  | [potion of mutation]
 78032 | Zot:5    | Noticed a Killer Klown
 78040 | Zot:5    | Noticed an orb of fire
 78046 | Zot:5    | Killed an orb of fire
 78069 | Zot:5    | Killed a Killer Klown
 78174 | Zot:5    | Noticed a Killer Klown
 78184 | Zot:5    | Killed a Killer Klown
 78246 | Zot:5    | Noticed an orb of fire
 78252 | Zot:5    | Gained mutation: You are very weak. (Str -4) [an orb of
                  | fire]
 78254 | Zot:5    | Killed an orb of fire
 78535 | Zot:5    | Reached skill level 26 in Unarmed Combat
 78611 | Zot:5    | Noticed an orb of fire
 78616 | Zot:5    | Noticed a Killer Klown
 78616 | Zot:5    | Noticed an orb of fire
 78616 | Zot:5    | Noticed an orb of fire
 78619 | Zot:5    | Lost mutation: You have an increased reservoir of magic.
                  | (+10% MP) [an orb of fire]
 78621 | Zot:5    | Gained mutation: You are vulnerable to cold. (rC-) [an orb
                  | of fire]
 78622 | Zot:5    | Noticed an orb of fire
 78630 | Zot:5    | Gained mutation: Potions are less effective at restoring
                  | your health. [an orb of fire]
 78757 | Zot:5    | Noticed a dread lich
 78765 | Zot:5    | Killed a dread lich
 78910 | Zot:5    | Killed an orb of fire
 78927 | Zot:5    | Gained mutation: Potions cannot restore your health. [an
                  | orb of fire]
 78928 | Zot:5    | Gained mutation: You occasionally lose the ability to drink
                  | potions when taking damage. [an orb of fire]
 78928 | Zot:5    | Noticed a Killer Klown
 78942 | Zot:5    | Gained mutation: You are dopey. (Int -2) [an orb of fire]
 78948 | Zot:5    | Got the Orb of Zot
 79520 | D:$      | Escaped with the Orb!

Illustrated notes

Levels and vault maps discovered:
D:1:      lightli_arrival_flooded_house, layout_basic
D:2:      minmay_inner_zag, layout_rooms, chequers_serial_rivers_micro_c
D:3:      layout_basic, cheibrodos_worm_habitat, uniq_sigmund
D:4:      layout_loops_ring, grunt_decor_one_mirror, uniq_blork_the_orc,
          uniq_natasha
D:5:      layout_loops_cross, serial_shops, kennysheep_mini,
          minmay_divided_ellipse, uniq_menkaure, uniq_pikel, uniq_prince_ribbit1
D:6:      layout_loops_ring
D:7:      layout_basic, minmay_temple_entry_enclosed_plants
D:8:      layout_rooms, minmay_misc_feat_diagonals, uniq_maurice
D:9:      layout_stronghold
D:10:     minmay_bloctagon, layout_basic, mainiacjoe_overflow_big_doors,
          minmay_misc_feat_alley
D:11:     layout_basic, lair_entry_dummy, serial_shops,
          nicolae_shop_hallway_stairs, shop, shop, nicolae_shop_trees,
          nicolae_shop_window_shopping
D:12:     layout_rooms, zombieorc2_lemuel
D:13:     layout_basic, nicolae_ashenzari_panopticon
D:14:     layout_small_grid, david_vaults_1, dreamdust_wishing_well,
          dk_noncrumbling_3, nicolae_nh_oracle_at_delphi, uniq_jorgrun
D:15:     grunt_enter_depths_magical_seal, layout_loops_ring,
          gammafunk_ghost_fury_of_okawaru, abandoned_shop, serial_aquarium,
          aquarium_bridge_straight [aquarium_subvault_bridge,
          aquarium_subvault_balcony, aquarium_subvault_bridge,
          aquarium_subvault_wall], aquarium_bridge_island_small
          [aquarium_subvault_small_water, aquarium_subvault_bridge,
          aquarium_subvault_wall, aquarium_subvault_wall,
          aquarium_subvault_window], aquarium_window_corridor_1,
          aquarium_window_1, aquarium_view_2e, aquarium_view_2b,
          aquarium_balcony_5b, serial_shops, nicolae_shop_trees,
          nicolae_shop_waterfront, nicolae_shop_hallway_plus,
          nicolae_shop_bloodbath_and_beyond, minmay_crystal_box
Lair:1:   kb_forest_paths, layout_regular_city
Lair:2:   layout_hall_layers, minmay_swamp_entry_reptiles
Lair:3:   layout_hall_layers, guppyfry_snake_entry_garden,
          nicolae_volcano_entry_lava_flow, lemuel_fruit_tree, grunt_megastairs_5
Lair:4:   layout_gridlike, nicolae_slime_entry_field_trip, grunt_megastairs_4
Lair:5:   minmay_lair_end_enchanted_forest, layout_cellular_growth,
          serial_bayou, serial_bayou_ford_a, serial_bayou_pond_b,
          serial_bayou_pond_b, serial_bayou_lake_a, serial_bayou_lagoon_b,
          serial_bayou_crossing
Swamp:1:  layout_basic_swamp, evilmike_swamp_ruin_house_4
Swamp:2:  layout_basic_swamp, serial_swamp_ruin, evilmike_swamp_ruin_house_2,
          evilmike_swamp_ruin_house_5, swamp_pool2, hangedman_swamp_pad,
          uniq_louise, uniq_kirke, uniq_donald
Swamp:3:  layout_basic_swamp, evilmike_swamp_ruin_rubble_2
Swamp:4:  swamp_pestilence, layout_basic_swamp, infiniplex_staircase_pool_2
Snake:1:  layout_rooms, portal_ice_cave_entry_frozen_things, grunt_ministairs_8,
          nicolae_snake_slithery_corners, uniq_nikola, uniq_aizul
Snake:2:  hangedman_cross_stitches, layout_onion_interference, minmay_shoptagon
Snake:3:  layout_onion, grunt_megastairs_2, minmay_shop_star, uniq_vashnia
Snake:4:  grunt_snake_rune_spirals, layout_onion
Orc:1:    layout_diamond_mine, guppyfry_orc_lava_fort, uniq_snorg
Orc:2:    st_orc_open, layout_diamond_mine, serial_shops, shop
Elf:1:    kennysheep_spiral_hall, layout_onion_city, minmay_elf_sorcery,
          david_defended_altar_elf
Elf:2:    elven_hall_of_blades_hangedman_alternative [grunt_blade_entry_basic],
          layout_onion_city, st_stairs_4
Elf:3:    elf_hall, layout_gridlike
Vaults:1: nicolae_vaults_network_s, v_misc_33, vaults_room_door_hall,
          nicolae_vaults_little_squares_4, hangedman_vaults_trim,
          nicolae_vaults_big_angled_halls, grunt_vaults_twisty,
          hangedman_vaults_corner_blocks, ontoclasm_vaults_ligature,
          vaults_room_octagon, v_misc_27, ontoclasm_vaults_claustrophobia,
          st_smaller_cells, vaults_dpeg_ring, vaults_dpeg_cross,
          layout_vaults_maze, serial_shops, freezing_bzr
Vaults:2: v_misc_13, v_misc_27, ontoclasm_vaults_hangar,
          nicolae_vaults_alarming, ontoclasm_vaults_fault, v_misc_8,
          ontoclasm_vaults_shuriken, vaults_room_corners,
          nicolae_vaults_mini_display_case, layout_vaults_omnigrid,
          minmay_crypt_entry_simple_box, serial_shops, shop, uniq_sojobo
Vaults:3: vaults_mumra_minichess, ontoclasm_vaults_idyll, v_misc_22,
          v_alt_pattern_1, v_alt_pattern_6, v_pattern_4, v_alt_pattern_6,
          nicolae_vaults_little_squares_6, ontoclasm_vaults_hangar,
          vaults_mumra_lcd, grunt_vaults_funnel, layout_vaults_omnicross,
          serial_shops, nicolae_shop_advertising_works
          [nicolae_subvault_shop_adworks]
Vaults:4: nicolae_vaults_diagonal_hallway_9, nicolae_vaults_little_squares_5,
          hangedman_vaults_trim, v_alt_pattern_6, vaults_room_octagon,
          vaults_dpeg_encased_lava, nicolae_vaults_ring_of_whatevers,
          vaults_room_corners, dpeg_vaults_hating_casters, v_rooms_6,
          nicolae_vaults_shelves_hall, vaults_room_corners,
          vaults_dpeg_diagonal, layout_vaults_chaotic_city, uniq_margery,
          uniq_boris, uniq_saint_roka
Vaults:5
Depths:1: layout_basic, enter_ziggurat_f, hangedman_geh_valley, pan_entry,
          dk_noncrumbling_4, minmay_microvault, firewood_loft
Depths:2: minmay_the_grid_triangle_9x9_rhombus_thin_mashed
          [minmay_the_grid_triangle_9x9_stretched_checkered,
          minmay_the_grid_triangle_9x9_prize_insulated,
          minmay_the_grid_triangle_9x9_thin_v,
          minmay_the_grid_triangle_9x9_descending_squares], layout_long_grid,
          nicolae_hell_entry_hellmouth_sunbeams, pan_entry,
          nicolae_abyss_entry_one_way_or_another, serial_sigils_hangedman_scar,
          zin_purify
Depths:3: gammafunk_jiyva_shrine, layout_cave_pools, hell_entry, abyss_entry,
          mu_enter_wizlab_5, reono_crystal_passage, nicolae_diode_basic
Depths:4: grunt_zot_entry_funnels, layout_gridlike, hellmouth_1,
          nicolae_kite_square_tiling_tiny
Zot:1:    layout_gridlike, amethyst_zot_foddershock
Zot:2:    layout_basic
Zot:3:    layout_misc_corridors, st_stairs_9, st_large_dragon_hoard_4
Zot:4:    layout_concentric_octagons, drop_trap
Zot:5:    layout_twisted_circle, st_stairs_5, nicolae_transmutations_shop

Skill      XL: |  1  2  3  4  5  6  7  8  9 10 11 12 13 14 15 16 17 18 19 20 21 22 23 24 25 |
---------------+----------------------------------------------------------------------------+-----
Axes           | 2 3 |  3.8
Shields        | 3 4 9 12 13 14 15 16 17 18 19 | 19.5
Armour         | 3 4 5 6 7 8 10 11 12 13 14 15 16 17 18 19 | 19.5
Fighting       | 4 5 6 7 8 9 11 12 13 14 15 16 17 18 19 20 21 | 21.1
Unarmed Combat | 2 4 5 7 9 11 13 14 15 17 18 19 20 21 23 24 25 26 | 26.2
Dodging        | 2 3 4 6 7 8 |  8.6
Invocations    | 11 12 | 12.0
Transmutations | 6 |  6.6

Action                     |  1- 3 |  4- 6 |  7- 9 | 10-12 | 13-15 | 16-18 | 19-21 | 22-24 | 25-27 || total
---------------------------+-------+-------+-------+-------+-------+-------+-------+-------+-------++-------
  Melee: War axe           |   134 |   166 |    59 |       |       |       |       |       |       ||   359
         Kick              |       |    16 |    31 |       |       |       |   199 |   666 |   181 ||  1093
         Tailslap          |       |       |    81 |   140 |   301 |   326 |   308 |   321 |    96 ||  1573
         Unarmed           |       |       |   325 |   677 |  1396 |  1523 |  1364 |  1295 |   379 ||  6959
         Headbutt          |       |       |       |       |       |       |       |       |    61 ||    61
  Throw: Dart              |       |     2 |     9 |       |       |       |       |    44 |     7 ||    62
         Javelin           |       |       |    13 |       |       |       |       |       |       ||    13
         Boomerang         |       |       |     7 |     4 |    42 |       |    59 |    76 |       ||   188
         Stone             |       |       |     1 |       |     4 |    31 |     5 |       |       ||    41
   Cast: Wereblood         |       |       |       |       |     5 |       |     1 |       |       ||     6
 Invoke: Slouch            |       |       |       |       |    19 |    13 |    17 |    11 |     9 ||    69
         Step From Time    |       |       |       |       |       |     1 |       |       |       ||     1
         Bend Time         |       |       |       |       |       |       |     1 |       |       ||     1
Ability: Hurl Damnation    |       |       |       |       |       |       |       |     2 |       ||     2
  Evoke: Wand              |       |       |     8 |    22 |     7 |     6 |     9 |       |       ||    52
         Condenser vane    |       |       |       |       |       |     4 |     6 |     5 |     1 ||    16
         Phantom mirror    |       |       |       |       |       |     3 |     1 |     1 |       ||     5
         Box of beasts     |       |       |       |       |       |     1 |     2 |       |       ||     3
    Use: Scroll            |       |     6 |    13 |     8 |     4 |     5 |     4 |    10 |     6 ||    56
         Potion            |       |     2 |     5 |     2 |     3 |     9 |     1 |     2 |    20 ||    44
   Stab: Distracted        |       |       |     1 |       |       |     2 |     1 |     1 |     1 ||     6
         Paralysed         |       |       |    13 |    18 |       |       |       |       |       ||    31
         Confused          |       |       |       |       |       |     4 |     3 |       |       ||     7
         Petrified         |       |       |       |       |       |       |     2 |       |       ||     2
         Invisible         |       |       |       |       |       |       |       |     1 |       ||     1
 Armour: Scale mail        |    55 |    47 |    62 |       |       |       |       |       |       ||   164
         Plate armour      |       |       |    62 |   146 |   499 |   411 |    99 |       |       ||  1217
         Skin              |       |       |       |       |       |     1 |       |       |       ||     1
         Gold dragon scale |       |       |       |       |       |       |   214 |   357 |    93 ||   664
  Dodge: Dodged            |    60 |    66 |   115 |   279 |  1045 |   582 |   193 |   270 |    57 ||  2667
  Block: Buckler           |    63 |    63 |   158 |   387 |  1193 |       |       |       |       ||  1864
         Reflection        |       |       |       |       |    37 |   324 |   148 |    72 |       ||   581
         Kite shield       |       |       |       |       |   396 |   185 |       |       |       ||   581
         Tower shield      |       |       |       |       |       |  2001 |  1417 |  1586 |   288 ||  5292
         Other             |       |       |       |       |       |     1 |       |       |       ||     1

Table legend: (Time is in decaauts)
 A = Elapsed time spent in this place.
 B = Non-inter-level travel time spent in this place.
 C = Inter-level travel time spent in this place.
 D = Time resting spent in this place.
 E = Time spent auto-exploring this place.
 F = Levels seen in this place.
 G = Mean time per level.
                   A        B        C        D        E       F      G
               +--------+--------+--------+--------+--------+-----+--------+
         Total | 111580 |  98060 |  13520 |  16510 |  62224 |  49 | 2277.1 |
       Dungeon |  27238 |  22923 |   4315 |   1587 |  16857 |  15 | 1815.9 |
          Lair |  11698 |  10169 |   1529 |     70 |   8199 |   5 | 2339.6 |
         Swamp |   8829 |   8251 |    578 |   2481 |   3998 |   4 | 2207.2 |
     Snake Pit |  11380 |   9749 |   1631 |   2691 |   4983 |   4 | 2845.0 |
  Orcish Mines |   2728 |   2236 |    492 |      9 |   1659 |   2 | 1364.0 |
   Elven Halls |  10844 |  10317 |    527 |   4116 |   4778 |   3 | 3614.7 |
        Vaults |  15421 |  13763 |   1658 |   2364 |   8522 |   5 | 3084.2 |
        Depths |  10170 |   8550 |   1620 |    691 |   6195 |   4 | 2542.5 |
           Zot |  11978 |  10811 |   1167 |   2271 |   6504 |   5 | 2395.6 |
       Volcano |    558 |    558 |      0 |    227 |     68 |   1 |  558.0 |
        Wizlab |    731 |    731 |      0 |      0 |    457 |   1 |  731.0 |
               +--------+--------+--------+--------+--------+-----+--------+

Top non-repeatable levels by time:
   Elf:3: 6071 daAuts
 Snake:4: 4007 daAuts
Vaults:1: 3633 daAuts
Vaults:4: 3464 daAuts
    D:11: 3389 daAuts
   Zot:1: 3219 daAuts
   Zot:5: 3149 daAuts
Depths:2: 3119 daAuts
 Snake:3: 2977 daAuts
 Swamp:4: 2932 daAuts
Depths:1: 2906 daAuts
    D:15: 2902 daAuts
Vaults:2: 2854 daAuts
Vaults:5: 2801 daAuts
Depths:4: 2728 daAuts
